 Dungeon Crawl Stone Soup version 0.20-a0-1050-g57248f3 (webtiles) character file.

343 Goblin1989 the Skirmisher (level 6, -15/55 HPs)
             Began as a Demonspawn Monk on Apr 25, 2017.
             Demolished by Pikel
             ... wielding a +2 whip of electrocution
              (17 damage)
             ... on level 5 of the Dungeon.
             The game lasted 00:09:31 (3271 turns).

Goblin1989 the Skirmisher (Demonspawn Monk)         Turns: 3271, Time: 00:09:31

Health: -15/55     AC: 11    Str: 19    XL:     6   Next: 31%
Magic:  6/6        EV: 12    Int: 11    God:
Gold:   41         SH:  0    Dex: 15    Spells: 5/5 levels left

rFire    + . .     SeeInvis .   a - +0 mace
rCold    . . .     Gourm    .   (no shield)
rNeg     . . .     Faith    .   z - +1 ring mail {rF+}
rPois    .         Spirit   .   (no helmet)
rElec    .         Reflect  .   (no cloak)
rCorr    .         Harm     .   f - +1 pair of gloves
MR       .....                  g - +2 pair of boots
Stlth    +.........             C - amulet of magic regeneration
Regen    0.2/turn               (no ring)
MPRegen  0.2/turn               (no ring)

@: mighty
A: spiny 2
a: no special abilities


You were on level 5 of the Dungeon.
You were hungry.

You visited 1 branch of the dungeon, and saw 5 of its levels.

You collected 181 gold pieces.
You spent 140 gold pieces at shops.

Inventory:

Hand Weapons
 a - a +0 mace (weapon)
Armour
 b - a +0 scale mail
 f - a +1 pair of gloves (worn)
 g - a +2 pair of boots (worn)
 z - a +1 ring mail of fire resistance (worn)
Jewellery
 C - an amulet of magic regeneration (around neck)
Wands
 y - a wand of disintegration (14/24)
Scrolls
 h - a scroll of magic mapping {unknown}
 j - 3 scrolls of teleportation {unknown}
 k - 2 scrolls of enchant weapon {unknown}
 m - 3 scrolls of remove curse {unknown}
 o - 5 scrolls of identify {@r1}
 s - 2 scrolls of immolation {unknown}
 t - a scroll of recharging {unknown}
 u - a scroll of fear {unknown}
Potions
 d - 4 potions of curing {unknown}
 i - a potion of berserk rage {unknown}
 l - 3 potions of lignification {unknown}
 p - 2 potions of resistance {unknown}
 q - a potion of agility {unknown}
 r - a potion of haste {unknown}
 v - a potion of mutation {unknown}
 w - a potion of ambrosia {unknown}
 x - a potion of flight {unknown}
 A - a potion of might
 B - a potion of brilliance {unknown}
Comestibles
 c - a royal jelly
 e - 4 bread rations {@e1}
 n - a fruit


   Skills:
 + Level 7.2 Fighting
 - Level 2.6 Maces & Flails
 - Level 2.6 Dodging
 - Level 1.7 Stealth


You had 5 spell levels left.
You didn't know any spells.

Dungeon Overview and Level Annotations

Branches:
Dungeon (5/15)
 Temple: D:4-7

Altars:

Shops:
D:4 *

Annotations:
D:5 Pikel


Innate Abilities, Weirdness & Mutations

You are mostly covered in sharp spines.


Message History

A slave comes into view.
The slave shouts!
A slave comes into view.
Unknown command.
The slave completely misses you.
You hit the slave.
The slave is lightly wounded.
The slave is struck by your spines. The slave misses you.
The slave shouts!
You sock the slave!
The slave is heavily wounded.
The slave is struck by your spines. The slave hits you.
A slave and Pikel come into view.
Pikel is wielding a whip of electrocution.
You take 1 damage, and have 54/55 hp.
You closely miss the slave.
The slave is heavily wounded.
Pikel shouts!
The slave shouts!
The slave is struck by your spines. The slave hits you but does no damage.
The slave barely misses you.
A slave comes into view.
The slave shouts!
You hit the slave.
The slave is almost dead.
The slave is struck by your spines.
You kill the slave!
That felt strangely unrewarding.
Unknown command.
Things that are here:
an animal skin; a human corpse; Health restored: 55 Pikel barely misses you.
You barely miss Pikel. Pikel is struck by your spines.
Pikel hits you with a whip of electrocution.
You are electrocuted!
You take 17 damage, and have 38/55 hp.
MASSIVE DAMAGE!!
Unknown command.
You closely miss Pikel.
Pikel is lightly wounded.
Pikel is struck by your spines. Pikel closely misses you.
Pikel is struck by your spines. Pikel closely misses you.
You hit Pikel but do no damage.
Pikel is moderately wounded.
Pikel barely misses you.
You hit Pikel.
Pikel is moderately wounded.
Pikel is struck by your spines. Pikel barely misses you.
You hit Pikel but do no damage.
Pikel is heavily wounded.
Pikel is struck by your spines. Pikel hits you but does no damage.
You hit Pikel but do no damage.
Pikel is heavily wounded.
Pikel is struck by your spines. Pikel hits you but does no damage.
Pikel hits you with a whip of electrocution.
You take 1 damage, and have 38/55 hp.
You hit Pikel but do no damage.
Pikel is heavily wounded.
Pikel hits you but does no damage.
You hit Pikel.
Pikel is heavily wounded.
Pikel barely misses you.
Your ring mail prevents you from hitting Pikel.
Pikel is heavily wounded.
Pikel hits you but does no damage.
You are electrocuted!
You take 10 damage, and have 29/55 hp.
You closely miss Pikel.
Pikel is heavily wounded.
Pikel hits you but does no damage. x2; You are electrocuted!
* * * LOW HITPOINT WARNING * * *
You take 10 damage, and have 19/55 hp.
You barely miss Pikel.
Pikel is heavily wounded.
Pikel hits you with a whip of electrocution.
* * * LOW HITPOINT WARNING * * *
You take 5 damage, and have 14/55 hp.
You hit Pikel.
Pikel is severely wounded.
Pikel hits you but does no damage.
You are electrocuted!
* * * LOW HITPOINT WARNING * * *
You take 9 damage, and have 5/55 hp.
Unknown command.
Things that are here:
an animal skin; a human corpse You feel very mighty all of a sudden.
Pikel is struck by your spines.
Pikel hits you with a whip of electrocution.
* * * LOW HITPOINT WARNING * * *
You take 3 damage, and have 2/55 hp.
Unknown command.
You miss Pikel.
Pikel is severely wounded.
Pikel hits you with a whip of electrocution.
* * * LOW HITPOINT WARNING * * *
You closely miss Pikel.
Pikel is severely wounded.
Pikel is struck by your spines. Pikel misses you. Pikel barely misses you.
Unknown command.
You closely miss Pikel.
Pikel is severely wounded.
Pikel hits you but does no damage.
You are electrocuted!
You die... .. █.█... ......█ ..██.█.███ ...... .........█ █...█ ......██.█ █...█ ......██.█ █p█ ......██.████ █p█ ......█.....█ █p█ ......█████.█ █K█

......██.██.█ █@█
.█....██....█ █.█
.█.█████.████
█.████ .█.█ █.█
█....█ .█.█ █.█
████.███ ██.█ █.█
█████...██ █.█
███.███ █........█
██.█
█.....████........█
...█
█.....██..........█


You could see Pikel and 3 slaves.

Vanquished Creatures
  A slave (D:5)
  A hound (D:4)
  A centaur skeleton (D:4)
  An iguana (D:4)
  Natasha (twice) (D:2)
  2 worker ants (D:4)
  6 adders
  2 oozes
  4 worms
  2 dart slugs
  5 leopard geckos
  An orc (D:4)
  5 giant cockroaches
  3 goblins
  9 hobgoblins
  5 jackals
  12 kobolds
  A quokka (D:2)
  3 ball pythons
  14 bats
  3 frilled lizards
  8 rats
91 creatures vanquished.

Notes
Turn   | Place    | Note
-------+----------+-------------------------------------------
     0 | D:1      | Goblin1989 the Demonspawn Monk began the quest for the Orb.
     0 | D:1      | Reached XP level 1. HP: 18/18 MP: 1/1
   267 | D:1      | Gained mutation: You are partially covered in sharp spines. [demonic ancestry]
   267 | D:1      | Reached XP level 2. HP: 24/24 MP: 2/2
   316 | D:1      | Reached skill level 4 in Fighting
   543 | D:1      | Reached XP level 3. HP: 30/30 MP: 3/3
   958 | D:2      | Gained mutation: You are mostly covered in sharp spines. [demonic ancestry]
   958 | D:2      | Reached XP level 4. HP: 20/38 MP: 4/4
  1198 | D:2      | Reached skill level 5 in Fighting
  1238 | D:2      | Noticed Natasha
  1247 | D:2      | Killed Natasha
  1375 | D:2      | Noticed Natasha
  1382 | D:2      | Killed Natasha
  1594 | D:2      | Reached XP level 5. HP: 46/46 MP: 5/5
  1767 | D:3      | Reached skill level 6 in Fighting
  2579 | D:4      | Reached XP level 6. HP: 24/53 MP: 6/6
  2866 | D:4      | Reached skill level 7 in Fighting
  2878 | D:4      | Found Pimiluev's General Store.
  2882 | D:4      | Bought 3 scrolls of identify for 84 gold pieces
  2882 | D:4      | Bought a potion of might for 56 gold pieces
  3081 | D:5      | Entered Level 5 of the Dungeon
  3237 | D:5      | Noticed a slave
  3238 | D:5      | Noticed a slave
  3249 | D:5      | Noticed Pikel
  3249 | D:5      | Noticed a slave
  3250 | D:5      | Noticed a slave
  3250 | D:5      | Killed a slave
  3268 | D:5      | HP: 2/55 [Pikel/whip of electrocution (3)]
  3271 | D:5      | Demolished by Pikel

Vault maps used:
D:1:      co_arrival_random_square_maze
D:2:      first_bread, minmay_pentomino_q4, uniq_natasha
D:4:      serial_shops, nicolae_shop_behind_doors
D:5:      uniq_pikel, uniq_grinder, uniq_menkaure

Skill      XL: |  1  2  3  4  5  6 |
---------------+-------------------+-----
Fighting       | 4 5 6 7 |  7.2
Maces & Flails | |  2.6
Dodging        | |  2.6
Stealth        | |  1.7

Action                   |  1- 3 |  4- 6 || total
-------------------------+-------+-------++-------
Melee: Mace              |   108 |   131 ||   239
  Use: Potion            |       |     1 ||     1
 Stab: Sleeping          |       |     2 ||     2
  Eat: Chunk             |       |     7 ||     7
Armor: Ring mail         |    48 |    49 ||    97
       Robe              |     6 |       ||     6
Dodge: Dodged            |    83 |    73 ||   156

Vault maps used:
D:1:      co_arrival_random_square_maze
D:2:      first_bread, minmay_pentomino_q4, uniq_natasha
D:4:      serial_shops, nicolae_shop_behind_doors
D:5:      uniq_pikel, uniq_grinder, uniq_menkaure
